 Dungeon Crawl Stone Soup version 0.18-a0-486-gab6c0bd (webtiles) character file.

219 Raultor the Insei (level 5, -1/41 HPs)
             Began as a Vampire Monk on Dec 2, 2015.
             Slain by a giant newt (3 damage)
             ... on level 6 of the Dungeon.
             The game lasted 00:08:55 (3516 turns).

Raultor the Insei (Vampire Monk)                    Turns: 3516, Time: 00:08:55

Health: -1/41      AC:  0    Str:  6    XL:     5   Next: 63%
Magic:  5/5        EV: 24    Int: 13    God:
Gold:   107        SH:  0    Dex: 21    Spells: 0 memorised, 4 levels left

rFire  . . .     SeeInvis +       - Unarmed
rCold  + . .     Clarity  .     (armour currently unavailable)
rNeg   + + .     SustAt   .     (shield currently unavailable)
rPois  +         Gourm    .     (helmet currently unavailable)
rElec  .         Spirit   .     (cloak currently unavailable)
rCorr  +         Dismiss  .     (gloves currently unavailable)
rMut   .         Stasis   .     (boots currently unavailable)
MR     .....                    y - amulet of resist corrosion
Stlth  +++.......               (ring currently unavailable)
                                (ring currently unavailable)

@: bat-form, flying, regenerating slowly, very quick, not resistant to hostile
enchantments, fairly stealthy
A: fangs 3, see invisible, (unbreathing)
a: End Transformation


You were on level 6 of the Dungeon.
You were thirsty.
You were in vampire-bat-form.
You visited 1 branch of the dungeon, and saw 6 of its levels.

You collected 107 gold pieces.

Inventory:

Missiles
 d - 2 throwing nets (quivered)
Armour
 a - a +0 pair of gloves (melded)
 e - a +0 pair of boots (melded)
 i - a +0 helmet (melded)
 r - a +0 leather armour (melded)
Magical Staves
 q - an uncursed staff of energy
Jewellery
 y - an amulet of resist corrosion (around neck)
Scrolls
 f - 5 scrolls of remove curse
 h - a scroll of amnesia {unknown}
 j - 3 scrolls of enchant armour {unknown}
 k - 3 scrolls of identify {unknown}
 m - 4 scrolls of teleportation
 p - a scroll of magic mapping {unknown}
 s - a scroll of immolation {unknown}
 t - a scroll of fear {unknown}
 w - 2 scrolls of recharging {unknown}
 x - a scroll of fog {unknown}
Potions
 b - 6 potions of blood
 c - 2 potions of mutation {unknown}
 g - a potion of might {unknown}
 l - a potion of curing {unknown}
 n - a potion of agility {unknown}
 o - a potion of poison {unknown}
 u - a potion of magic {unknown}
 v - a potion of flight {unknown}


   Skills:
 + Level 3.0 Fighting
 * Level 1.7 Armour
 + Level 4.4 Dodging
 - Level 3.0 Stealth
 * Level 6.2 Unarmed Combat


You had 4 spell levels left.
You didn't know any spells.

Dungeon Overview and Level Annotations

Branches:
Dungeon (6/15)
 Temple: D:4-7

Altars:
Ashenzari
Dithmenos
Elyvilon
Kikubaaqudgha
Nemelex Xobeh
Sif Muna
Zin

Shops:
D:2 *


Innate Abilities, Weirdness & Mutations

You heal slowly.
You have razor-sharp teeth.
You have supernaturally acute eyesight.
((You can survive without breathing.))


Message History

The magic dart hits you!
* * * LOW HITPOINT WARNING * * *
You see here a club.
There is an escape hatch in the floor here.
You fly downwards.
The hatch slams shut behind you. 3 jackals and a worm come into view.
Found a chain mail.
Found two stone staircases leading down.
You can't go up here!
A giant newt comes into view.
The jackal barks! x2
There is a stone staircase leading down here.
The jackal completely misses you. The giant newt closely misses you.
You fly downwards.
There is a stone staircase leading up here.
The giant newt completely misses you.
Found a scroll labeled JAYCIG ICOES.
The jackal completely misses you. The giant newt bites you.
You die...

#####
##...##
#.....#
#.....# .
#h.b.##
..?#.l...#
#........#
######..##
#....#
#<..##
#....#
##...#
#####


You could see a jackal and a giant newt.

Vanquished Creatures
  A hound (D:3)
  An orc priest (D:3)
  A worker ant (D:4)
  4 adders
  An ooze (D:1)
  2 worms
  An adder skeleton (D:4)
  5 giant geckos
  11 orcs
  2 ball pythons (D:2)
  9 bats
  2 giant cockroaches
  5 hobgoblins
  2 jackals (D:1)
  12 giant newts
  7 goblins
  5 kobolds
  A quokka skeleton (D:4)
  11 rats
83 creatures vanquished.

Notes
Turn   | Place    | Note
--------------------------------------------------------------
     0 | D:1      | Raultor the Vampire Monk began the quest for the Orb.
     0 | D:1      | Reached XP level 1. HP: 17/17 MP: 1/1
   101 | D:1      | Reached XP level 2. HP: 13/23 MP: 2/2
   445 | D:1      | Reached skill level 5 in Unarmed Combat
   641 | D:1      | Reached XP level 3. HP: 23/28 MP: 3/3
  1093 | D:2      | Found a shattered altar of Ashenzari.
  1134 | D:2      | Found a deep blue altar of Sif Muna.
  1184 | D:2      | Reached skill level 1 in Armour
  1192 | D:2      | Found Zin's Purification Station.
  1201 | D:2      | Found a glowing silver altar of Zin.
  1342 | D:2      | Found an ancient bone altar of Kikubaaqudgha.
  1416 | D:2      | Found a white marble altar of Elyvilon.
  1416 | D:2      | Found a shadowy altar of Dithmenos.
  1439 | D:2      | Found a sparkling altar of Nemelex Xobeh.
  1778 | D:3      | Reached XP level 4. HP: 25/34 MP: 4/4
  2168 | D:3      | Reached XP level 5. HP: 10/40 MP: 5/5
  3039 | D:4      | Reached skill level 6 in Unarmed Combat
  3488 | D:4      | HP: 1/41 [orc wizard/magic dart (6)]
  3501 | D:5      | Entered Level 5 of the Dungeon
  3516 | D:6      | Slain by a giant newt

Vault maps used:
D:1:      lightli_arrival_flooded_house, minmay_newt_pond
D:2:      lemuel_blue_sif_altar, lemuel_crystal_altar,
          nemelex_xobeh_ov_fountains_minmay, zin_purify,
          gammafunk_temple_overflow_statue, evilmike_ruin_ashenzari
D:3:      serial_bayou_crossing
D:4:      grunt_temple_overflow_diamond, gup_sewer_entry_glass, first_bread
D:5:      grunt_ministairs_1, okawaru_gym_becter
D:6:      minmay_opposing_rooms, minmay_temple_entry_from_below_a, minivault_22

Action                   |  1- 3 |  4- 6 || total
-------------------------+-------+-------++-------
Melee: Unarmed           |   145 |   140 ||   285
 Abil: Bat Form          |       |     1 ||     1
  Use: Scroll            |       |     2 ||     2
       Potion            |       |     2 ||     2
 Stab: Sleeping          |    12 |     3 ||    15
  Eat: Corpse            |       |     1 ||     1
